 Dungeon Crawl Stone Soup version 0.20.1-1-g8b1a95d (webtiles) character file.

4893 Nyarlathotep the Severer (level 10, -4/83 HPs)
             Began as a Hill Orc Fighter on Oct 25, 2017.
             Was a Priest of Trog.
             Slain by a komodo dragon (19 damage)
             ... on level 7 of the Dungeon.
             The game lasted 01:10:48 (7347 turns).

Nyarlathotep the Severer (Hill Orc Fighter)         Turns: 7347, Time: 01:10:48

Health: -4/83      AC: 12    Str: 21    XL:     10   Next: 51%
Magic:  10/10      EV:  6    Int:  8    God:    Trog [***...]
Gold:   424        SH: 15    Dex: 12    Spells: 9/9 levels left

rFire    . . .     SeeInvis .   y - +4 hand axe (chop)
rCold    . . .     Gourm    .   m - +0 large shield
rNeg     . . .     Faith    .   w - +2 scale mail {rPois}
rPois    +         Spirit   .   (no helmet)
rElec    .         Reflect  .   p - +0 cloak
rCorr    .         Harm     .   (no gloves)
MR       +....                  (no boots)
Stlth    ..........             (no amulet)
Regen    0.3/turn               j - +2 ring of protection
MPRegen  0.2/turn               F - ring of protection from magic

@: no status effects
A: no striking features
a: Berserk, Trog's Hand, Burn Spellbooks, Renounce Religion


You were on level 7 of the Dungeon.
You worshipped Trog.
Trog was most pleased with you.
You were not hungry.

You visited 2 branches of the dungeon, and saw 9 of its levels.

You collected 424 gold pieces.

Inventory:

Hand Weapons
 y - a +4 hand axe of chopping (weapon)
Armour
 c - a +0 shield
 e - a +0 plate armour
 m - a +0 large shield (worn)
 p - a +0 cloak (worn)
 w - a +2 scale mail of poison resistance (worn)
Jewellery
 a - an uncursed ring of magical power
 j - a +2 ring of protection (left hand)
 F - a ring of protection from magic (right hand)
 G - an uncursed ring of ice
Wands
 b - a wand of digging (7/24)
 d - a wand of random effects (17/48)
 i - a wand of random effects (27/48)
 o - a wand of lightning (7/15)
 t - a wand of flame (7/48)
Scrolls
 s - 2 scrolls of magic mapping
 A - a scroll of amnesia {unknown}
 C - a scroll of remove curse
Potions
 l - 2 potions of brilliance
 q - 2 potions of flight
 r - 4 potions of resistance
 u - 2 potions of ambrosia {unknown}
 v - 2 potions of magic {unknown}
 x - 2 potions of heal wounds {unknown}
 D - a potion of lignification {unknown}
 H - a potion of agility {unknown}
Comestibles
 f - 3 bread rations
 k - 3 fruits
 n - 5 royal jellies
 E - a meat ration


   Skills:
 + Level 6.2 Fighting
 - Level 16.1 Axes
 + Level 5.8 Armour
 + Level 5.9 Shields


You had 9 spell levels left.
You didn't know any spells.

Dungeon Overview and Level Annotations

Branches:
Dungeon (8/15)             Temple (1/1) D:5
   Lair: D:8-11

Altars:
Ashenzari
Cheibriados
Dithmenos
Elyvilon
Kikubaaqudgha
Makhleb
Nemelex Xobeh
Okawaru
Qazlal
Ru
Sif Muna
Trog
Uskayaw
Vehumet
Xom
Yredelemnul
Zin
The Shining One

Shops:
D:4 %


Message History

The komodo dragon bites you.
You completely miss the komodo dragon.
The komodo dragon is heavily wounded.
You block the komodo dragon's attack.
You hit the komodo dragon.
The komodo dragon is heavily wounded.
The komodo dragon bites you.
You hit the komodo dragon.
The komodo dragon is severely wounded.
The komodo dragon hisses menacingly.
The komodo dragon bites you!!
* * * LOW HITPOINT WARNING * * *
The komodo dragon bites you.
* * * LOW HITPOINT WARNING * * *
You block the komodo dragon's attack.
You feel yourself speed up.
You see here a dagger.
There is an open door here.
The komodo dragon bites you!!
You die...

###.....##.##.......## #8....8###
#......<...#######...###..≈....8#
#.###.#.##.#### ##...##8.._≈....
..# #.#.##.##.## ##...#..≈....8#
### #.#....###.## ##..#8....8###
#.####.# ##.## ###'...8####. #.#
#.# ##.#######.8####.#. #.# #.#
##l.....#####.#.#. #.# #.#
##@######'##.#.#.#. ##.## #.#
##.## ####..)...... ####...#
#.###.## ###..###.#.#.#.
)......###.##.#####....'####.#.#.
###........#.####....#.#..####(#.
#....###.#.##....#...#.#..####.
#.....##.##....#...#.#.#.#..###
#...(.##.####....#...#.#.#.#..#
#.#.#....######....#.#[#.#.#.#.


You could see a komodo dragon.

Vanquished Creatures
  The ghost of cada the Spear-Bearer, a novice FoFi of Okawaru (D:6)
  Pikel (D:4)
  An ugly thing (D:7)
  Grinder (D:6)
  Sigmund (D:2)
  A wraith (D:7)
  A hungry ghost (D:7)
  A water moccasin (D:7)
  Duvessa (D:4)
  An ice beast (D:7)
  A phantom (D:4)
  2 black bears (D:7)
  2 ogres
  2 centaurs
  A crocodile (D:7)
  2 bullfrogs (D:7)
  Dowan (D:4)
  5 scorpions
  A howler monkey (D:7)
  2 bullfrog zombies
  3 crimson imps
  A centaur zombie (D:7)
  A quasit (D:7)
  7 orc priests
  2 hounds (D:7)
  Terence (D:3)
  Natasha (thrice) (D:2 D:4)
  10 orc wizards
  6 worker ants
  A hound skeleton (D:5)
  2 worker ant zombies (D:7)
  10 adders
  A shadow imp (D:5)
  3 oozes
  3 adder skeletons
  5 worms
  3 dart slugs (D:1)
  3 leopard geckos
  23 orcs
  11 bats
  6 giant cockroaches
  4 goblins
  5 hobgoblins
  8 jackals
  6 kobolds
  4 quokkas
  3 ball pythons
  5 frilled lizards
  A giant cockroach zombie (D:5)
  8 rats
178 creatures vanquished.

Vanquished Creatures (others)
  An orc wizard (D:5)
  2 adders (D:4)
  An orc (D:4)
  A quokka (D:4)
5 creatures vanquished.

Grand Total: 183 creatures vanquished

Notes
Turn   | Place    | Note
-------+----------+-------------------------------------------
     0 | D:1      | Nyarlathotep the Hill Orc Fighter began the quest for the Orb.
     0 | D:1      | Reached XP level 1. HP: 19/19 MP: 1/1
    39 | D:2      | Noticed Natasha
    94 | D:1      | Reached skill level 3 in Axes
   177 | D:1      | Reached XP level 2. HP: 24/26 MP: 2/2
   302 | D:1      | Reached skill level 4 in Axes
   458 | D:1      | Reached XP level 3. HP: 31/31 MP: 3/3
   894 | D:1      | Reached skill level 5 in Axes
  1123 | D:2      | Killed Natasha
  1123 | D:2      | Reached XP level 4. HP: 18/39 MP: 4/4
  1375 | D:2      | Noticed Sigmund
  1695 | D:2      | Reached skill level 6 in Axes
  1786 | D:2      | Found a bloodstained altar of Trog.
  1793 | D:2      | Became a worshipper of Trog the Wrathful
  2078 | D:2      | Killed Sigmund
  2078 | D:2      | Reached skill level 8 in Axes
  2078 | D:2      | Reached XP level 5. HP: 45/45 MP: 5/5
  2078 | D:2      | Reached XP level 6. HP: 51/51 MP: 6/6
  2611 | D:3      | Found a snail-covered altar of Cheibriados.
  2611 | D:3      | Found an iron altar of Okawaru.
  2612 | D:3      | Found a radiant altar of Vehumet.
  2698 | D:3      | Reached * piety under Trog
  2731 | D:3      | Reached skill level 9 in Axes
  2750 | D:3      | Noticed Terence
  2757 | D:3      | Killed Terence
  2849 | D:3      | Found an ancient bone altar of Kikubaaqudgha.
  2865 | D:3      | Found a deep blue altar of Sif Muna.
  2866 | D:3      | Found a bloodstained altar of Trog.
  2887 | D:3      | Found a glowing silver altar of Zin.
  3270 | D:4      | Noticed Natasha
  3288 | D:4      | Killed Natasha
  3288 | D:4      | Reached XP level 7. HP: 42/57 MP: 7/7
  3307 | D:4      | Found Gacig's Food Boutique.
  3401 | D:4      | Reached skill level 10 in Axes
  3498 | D:5      | Entered Level 5 of the Dungeon
  3548 | D:4      | Noticed Pikel
  3575 | D:4      | Killed Pikel
  3575 | D:4      | Reached skill level 12 in Axes
  3575 | D:4      | Reached XP level 8. HP: 56/64 MP: 8/8
  3633 | D:4      | Noticed Natasha
  3674 | D:4      | Killed Natasha
  3674 | D:4      | Reached ** piety under Trog
  3689 | D:4      | Noticed Duvessa
  3714 | D:4      | Killed Duvessa
  3756 | D:4      | Noticed Dowan
  3771 | D:4      | Killed Dowan
  3818 | D:4      | Reached skill level 13 in Axes
  3839 | D:3      | Found a hide-covered altar of Uskayaw.
  4793 | D:5      | Found a staircase to the Ecumenical Temple.
  4818 | Temple   | Entered the Ecumenical Temple
  5153 | D:5      | Reached skill level 14 in Axes
  5153 | D:5      | Reached XP level 9. HP: 69/70 MP: 9/9
  5469 | D:6      | Noticed Grinder
  5578 | D:6      | Found a glowing silver altar of Zin.
  5710 | D:6      | Paralysed by Grinder for 3 turns
  5717 | D:6      | Killed Grinder
  5717 | D:6      | Reached skill level 15 in Axes
  5736 | D:6      | Noticed cada's ghost (novice FoFi)
  5824 | D:6      | Killed cada's ghost
  5824 | D:6      | Reached skill level 16 in Axes
  6182 | D:7      | Reached *** piety under Trog
  6389 | D:7      | Found a stormy altar of Qazlal.
  6470 | D:7      | Reached XP level 10. HP: 70/80 MP: 10/10
  6867 | D:7      | Reached skill level 5 in Fighting
  6985 | D:7      | Reached skill level 5 in Shields
  7035 | D:7      | Found a burning altar of Makhleb.
  7062 | D:7      | Reached skill level 5 in Armour
  7080 | D:7      | Noticed a purple ugly thing
  7115 | D:7      | Killed a purple ugly thing
  7347 | D:7      | Slain by a komodo dragon

Skill      XL: |  1  2  3  4  5  6  7  8  9 10 |
---------------+-------------------------------+-----
Axes           | 3 4 5 8 9 12 14 16 | 16.1
Fighting       | 4 6 |  6.2
Armour         | 4 5 |  5.8
Shields        | 4 5 |  5.9

Action                   |  1- 3 |  4- 6 |  7- 9 | 10-12 || total
-------------------------+-------+-------+-------+-------++-------
Melee: War axe           |    83 |   171 |   293 |       ||   547
       Hand axe          |       |    83 |    24 |   143 ||   250
Throw: Throwing net      |       |     1 |       |       ||     1
Invok: Berserk           |       |     1 |     3 |     1 ||     5
  Use: Scroll            |       |    10 |     4 |     2 ||    16
       Potion            |       |     1 |       |     2 ||     3
  Eat: Chunk             |     1 |     8 |    12 |     6 ||    27
Armor: Scale mail        |    39 |     1 |    34 |    31 ||   105
       Plate armour      |       |   133 |    78 |       ||   211
Dodge: Dodged            |    31 |    31 |    35 |    13 ||   110
Block: Shield            |    40 |   108 |    84 |       ||   232
       Large shield      |       |       |    24 |    82 ||   106
